[Event "*** SCC Grand Prix: Titled Tuesday Blitz"]
[Site "Chess.com"]
[Date "2020.07.07"]
[Round "6"]
[White "Future2700"]
[Black "CyberdelChess"]
[Result "1-0"]
[WhiteElo "2426"]
[BlackElo "2265"]
[TimeControl "180+1"]
[EndTime "11:06:25 PDT"]
[Termination "Future2700 won by checkmate"]

1. e4 c5 2. Nf3 d6 3. d4 cxd4 4. Nxd4 Nf6 5. Nc3 a6 6. g3 e6 7. Bg2 Qc7 8. O-O Bd7 9. Re1 Nc6 10. Nxc6 Bxc6 11. Nd5 Qd8 12. Bf4 Nd7 13. c4 Ne5 14. Qd4 exd5 15. exd5 Bd7 16. Bxe5 dxe5 17. Qxe5+ Be7 18.
d6 Be6 19. dxe7 Qxe7 20. Qxg7 O-O-O 21. Qc3 Qc7 22. a4 Kb8 23. c5 h5 24. b4 h4 25. b5 hxg3 26. hxg3 Rh5 27. c6 bxc6 28. bxc6 Bd5 29. Rab1+ Ka8 30. Rb7 Qc8 31. Qc5 Qxb7 32.
cxb7+ Kxb7 33. Rb1+ Ka8 34. Qc7 Bxg2 35. Qxd8+ Ka7 36.
Qb8# 1-0

[Event "*** SCC Grand Prix: Titled Tuesday Blitz"]
[Site "Chess.com"]
[Date "2020.07.07"]
[Round "6"]
[White "frederiksvane"]
[Black "Azatic"]
[Result "1-0"]
[WhiteElo "2671"]
[BlackElo "2497"]
[TimeControl "180+1"]
[EndTime "11:06:26 PDT"]
[Termination "frederiksvane won by resignation"]

1. e4 c5 2. Nf3 e6 3. d4 cxd4 4. Nxd4 a6 5. Nc3 Qc7 6. g3 Nf6 7. Bg2 Bb4 8. O-O Nc6 9. Nxc6 bxc6 10. Qd4 c5 11. Qd3 Bb7 12. a3 Bxc3 13. bxc3 c4 14. Qe2 d6 15. Bf4 e5 16. Bg5 Nd7 17. Rfd1 h6 18.
Be3 Nf6 19. Rab1 Bxe4 20. Bxh6 Bxg2 21. Bxg7 Qc6 22. Bxh8 Bf3 23. Qf1 Ne4 24. Qh3 Nxc3 25. Bf6 Bxd1 26. Rxd1 Nxd1 27. Qh8+ Kd7 28. Qxa8 Ke6 29.
Qxc6 Kxf6 30. Qxc4 Nxf2 31. Kxf2 1-0

[Event "*** SCC Grand Prix: Titled Tuesday Blitz"]
[Site "Chess.com"]
[Date "2020.07.07"]
[Round "6"]
[White "stolencandy13"]
[Black "Natalya_Buksa"]
[Result "0-1"]
[WhiteElo "2371"]
[BlackElo "2560"]
[TimeControl "180+1"]
[EndTime "11:06:26 PDT"]
[Termination "Natalya_Buksa won by resignation"]

1. e4 c5 2. Nf3 Nc6 3. d4 cxd4 4. Nxd4 e5 5. Nb5 d6 6. c4 Be7 7. Be2 Be6 8. N5c3 f5 9. exf5 Bxf5 10. Be3 Nf6 11. Nd2 O-O 12. O-O Qe8 13. Bf3 Kh8 14. Rc1 Qg6 15. Re1 e4 16. Be2 Ne5 17. Nf1 Bg4 18.
Nd5 Nxd5 19. Bxg4 Nxg4 20. Qxd5 Bh4 21. Ng3 Nxe3 22. Rxe3 Bg5 23. Qxe4 Bxe3 24. Qxe3 b6 25. Qd4 Rae8 26. h3 Qf6 27. Qd2 h6 28. Rd1 Re6 29. b3 Rfe8 30. Nh5 Qe5 31. Ng3 Rf6 32. Nf1 Qf4 33. Ne3 Kh7 34. Rf1 Rfe6 35. Qd3+ Qe4 36. Qd2 Kh8 37. Nd5 Qe2 38. Qf4 Qxf1+ 0-1

[Event "*** SCC Grand Prix: Titled Tuesday Blitz"]
[Site "Chess.com"]
[Date "2020.07.07"]
[Round "6"]
[White "tlomigtlis"]
[Black "LaPorfia"]
[Result "1-0"]
[WhiteElo "2366"]
[BlackElo "2217"]
[TimeControl "180+1"]
[EndTime "11:06:26 PDT"]
[Termination "tlomigtlis won by resignation"]

1. d4 Nf6 2. c4 e6 3. Nc3 d5 4.
cxd5 exd5 5. Bg5 Nbd7 6. e3 Bb4 7. Bd3 c5 8. Ne2 c4 9. Bf5 g6 10. Bxd7+ Bxd7 11. O-O Bc6 12. Nf4 Be7 13. b3 O-O 14. bxc4 dxc4 15. Bh6 Re8 16. d5 Bd7 17. Qd4 Bf8 18.
Bxf8 Rxf8 19. Qxc4 Rc8 20. Qd4 Ng4 21. h3 Nh6 22. d6 Nf5 23. Qe5 Re8 24. Qd5 Rxc3 25. Qxb7 Bc6 26. Qxa7 Qxd6 27. Rad1 Qe5 28. Qb6 Qe4 29.
Rfe1 Nh4 30. f3 Nxf3+ 31. gxf3 Qxf3 32. Rd2 Rcxe3 33. Rxe3 Rxe3 34. Qd8+ Kg7 35. Qd4+ Kh6 36. Ng2 Re4 37. Qd8 Re2 38. Qf8+ Kh5 39. Qc5+ f5 40. Rxe2 Qxe2 41. Nf4+ Kh6 42. Nxe2 1-0

[Event "*** SCC Grand Prix: Titled Tuesday Blitz"]
[Site "Chess.com"]
[Date "2020.07.07"]
[Round "6"]
[White "VitaliyBernadskiy"]
[Black "olksuna"]
[Result "1-0"]
[WhiteElo "2766"]
[BlackElo "2619"]
[TimeControl "180+1"]
[EndTime "11:06:27 PDT"]
[Termination "VitaliyBernadskiy won on time"]

1. e4 c5 2. Nc3 Nc6 3. Bb5 Nd4 4. Nf3 e6 5. O-O a6 6. Bd3 Ne7 7. Nxd4 cxd4 8. Ne2 Nc6 9. c3 Bc5 10. b4 Ba7 11. a4 O-O 12. b5 Ne5 13. Qc2 Nxd3 14.
Qxd3 axb5 15. Nxd4 Bxd4 16. Qxd4 d5 17. exd5 Qxd5 18.
Qxd5 exd5 19. Ba3 Re8 20. axb5 Bf5 21. b6 Bd3 22. Rfe1 Re4 23. Bc5 Ra6 24. f3 Re6 25. Kf2 h5 26. Rxa6 Bxa6 27. Ra1 Re2+ 28. Kg3 Bb5 29. Ra7 Bc6 30. Ra8+ Kh7 31. Rc8 Re6 32. Rc7 Kg6 33. Bd4 Kh6 34. h4 Kg6 35. Kf4 Kh6 36. Rxf7 Kg6 37. Rxg7+ Kh6 38. Rc7 Rg6 39. g4 hxg4 40. fxg4 1-0

[Event "*** SCC Grand Prix: Titled Tuesday Blitz"]
[Site "Chess.com"]
[Date "2020.07.07"]
[Round "6"]
[White "diablanni"]
[Black "dennisodessa"]
[Result "0-1"]
[WhiteElo "2301"]
[BlackElo "2442"]
[TimeControl "180+1"]
[EndTime "11:06:27 PDT"]
[Termination "dennisodessa won on time"]

1. e4 e6 2. d4 d5 3. Nc3 Nc6 4. Nf3 Nf6 5. Bd3 Bb4 6. O-O Bxc3 7. exd5 Nxd4 8. bxc3 Nxf3+ 9. Qxf3 Nxd5 10. Re1 O-O 11. Ba3 Re8 12. Rad1 Qf6 13. Qxd5 Qxc3 14. Qb3 Qxb3 15.
cxb3 a5 16. Be4 a4 17. Bb4 c6 18. Bc5 e5 19. b4 a3 20. Re2 Be6 21. Red2 f5 22.
Bf3 Kf7 23. Bh5+ g6 24. Be2 e4 25. f3 Bd5 26. fxe4 fxe4 27. b5 Ra5 28. Bb4 Ra4 29. Rf1+ Kg8 30. Bc3 e3 31. Rc2 Be4 32. Rcc1 Bd5 33.
bxc6 bxc6 0-1

[Event "*** SCC Grand Prix: Titled Tuesday Blitz"]
[Site "Chess.com"]
[Date "2020.07.07"]
[Round "6"]
[White "DenLaz"]
[Black "YPradafah"]
[Result "1-0"]
[WhiteElo "2697"]
[BlackElo "2518"]
[TimeControl "180+1"]
[EndTime "11:06:30 PDT"]
[Termination "DenLaz won on time"]

1. d4 Nf6 2. c4 g6 3. g3 Bg7 4. Bg2 O-O 5. Nc3 d6 6. Nf3 c6 7. O-O a5 8. e4 Na6 9. h3 Nc7 10. Be3 Nd7 11. c5 Nf6 12. Qc2 d5 13. e5 Bf5 14. Qb3 Ne4 15. Nxe4 Bxe4 16. Qxb7 Rb8 17. Qxc6 Rxb2 18. Nd2 Bxg2 19. Kxg2 f6 20. e6 f5 21. Rab1 Rxa2 22. Rb7 Ne8 23. Rd7 Qb8 24. Rxe7 Nf6 25.
Bf4 Qb4 26. Qc7 Nh5 27. Nf3 Ra3 28. Rxg7+ Nxg7 29. Qe5 Qc4 30. Bh6 Nh5 31. e7 Re8 32. Qe6+ Kh8 33. Qf7 1-0

[Event "*** SCC Grand Prix: Titled Tuesday Blitz"]
[Site "Chess.com"]
[Date "2020.07.07"]
[Round "6"]
[White "Angel_Hranitel_37"]
[Black "rududuyk"]
[Result "1-0"]
[WhiteElo "2384"]
[BlackElo "2091"]
[TimeControl "180+1"]
[EndTime "11:06:31 PDT"]
[Termination "Angel_Hranitel_37 won by resignation"]

1. d4 e6 2. Nf3 f5 3. g3 Nf6 4. Bg2 Be7 5. O-O O-O 6. c4 d6 7.
b3 a5 8. Nc3 Ne4 9. Qc2 Nxc3 10. Qxc3 Bf6 11. Bf4 Nc6 12. Qd2 Qe8 13. Bg5 e5 14. Bxf6 Rxf6 15. dxe5 dxe5 16. Rfd1 f4 17. Qd5+ Be6 18. Qb5 e4 19. Ng5 Rf5 20. Qxb7 Rxg5 21.
Bxe4 Rc5 22. Qxc7 Rc8 23. Qxf4 Bf7 24. f3 Ne5 25. Rd6 Bg6 26. Bxg6 Nxg6 27. Qd2 Re5 28. e4 Qf8 29. Kg2 Rc7 30. f4 Rxe4 31. Qd5+ Qf7 32. Qxe4 Nf8 33. Qd5 Re7 34. Qxf7+ Kxf7 35. Kf2 Ne6 36. Re1 g6 37. Rexe6 Rxe6 38. Rxe6 Kxe6 39.
a3 Kd6 40. b4 1-0

[Event "*** SCC Grand Prix: Titled Tuesday Blitz"]
[Site "Chess.com"]
[Date "2020.07.07"]
[Round "6"]
[White "Nemsko"]
[Black "DonBroca"]
[Result "1-0"]
[WhiteElo "2291"]
[BlackElo "2124"]
[TimeControl "180+1"]
[EndTime "11:06:31 PDT"]
[Termination "Nemsko won by resignation"]

1. e4 c5 2. Nf3 d6 3. d4 cxd4 4.
Nxd4 Nf6 5. Nc3 g6 6. Be3 Bg7 7.
f3 Nc6 8. Qd2 O-O 9. O-O-O Bd7 10. g4 Rc8 11. h4 h5 12. g5 Ne8 13. f4 Bg4 14. Re1 Nb4 15. Kb1 Nc7 16. Bc4 Nca6 17. Bb3 Nc5 18. Rhf1 Nxb3 19. cxb3 a5 20. f5 Nc6 21.
Nd5 Ne5 22. f6 exf6 23. gxf6 Bh8 24. Ne7+ Kh7 25. Nxc8 Qxc8 26. Rc1 Qd7 27. Qxa5 Nd3 28. Rc7 Qe8 29. Re7 Qc8 30. Qb5 Bf3 31. Qxd3 Qg4 32.
Rc1 Be2 33. Qd2 Bf3 34. Nxf3 Qxf3 35. a3 Kg8 36. Rcc7 Bxf6 37. Red7 Qf1+ 38. Ka2 Be5 39. Bh6 Qf6 40. Bxf8 Bxb2 41. Rxf7 Qxf7 42. Rxf7 Kxf7 43. Kxb2 Kxf8 44. Qxd6+ Kg7 45. e5 Kh6 46. e6 1-0

[Event "*** SCC Grand Prix: Titled Tuesday Blitz"]
[Site "Chess.com"]
[Date "2020.07.07"]
[Round "6"]
[White "Synctel"]
[Black "EfM13"]
[Result "0-1"]
[WhiteElo "1923"]
[BlackElo "2201"]
[TimeControl "180+1"]
[EndTime "11:06:31 PDT"]
[Termination "EfM13 won on time"]

1. d4 d6 2. Nf3 Nf6 3. Bf4 g6 4. h3 Bg7 5. e3 O-O 6. Be2 Ne4 7. O-O c5 8. c3 cxd4 9. exd4 Nc6 10. Nbd2 Nf6 11. a4 Nd5 12. Bg3 e5 13. dxe5 dxe5 14. Nc4 Nf4 15. Bxf4 exf4 16. Qb3 Qe7 17. Rfe1 Be6 18.
Bf1 Rfe8 19. Qb5 Qc7 20. Rad1 Rad8 21. Ng5 Rxd1 22. Nxe6 fxe6 23. Rxd1 e5 24. Nd6 Re7 25.
Bc4+ Kh8 26. Nf7+ Rxf7 27. Bxf7 Qxf7 28. a5 a6 29. Qb6 h6 30. f3 Kh7 31. b4 e4 32. b5 axb5 33. Qxb5 exf3 34. gxf3 Bxc3 35. a6 Bd4+ 0-1

[Event "*** SCC Grand Prix: Titled Tuesday Blitz"]
[Site "Chess.com"]
[Date "2020.07.07"]
[Round "6"]
[White "dretch"]
[Black "jacky72"]
[Result "1-0"]
[WhiteElo "2802"]
[BlackElo "2651"]
[TimeControl "180+1"]
[EndTime "11:06:32 PDT"]
[Termination "dretch won by resignation"]

1. d4 Nf6 2. c4 c6 3. Nc3 d5 4.
e3 a6 5. b3 b5 6. Bd3 Bg4 7.
Nge2 e6 8. O-O Nbd7 9. f3 Bh5 10. cxd5 cxd5 11. e4 Be7 12. e5 Ng8 13. f4 Bb4 14. Bd2 Ne7 15. Nxb5 axb5 16. Bxb4 Nc6 17. Qd2 Qb6 18.
Rfc1 Bxe2 19. Bxe2 Nxd4 20. Kf1 f6 21. exf6 gxf6 22.
Bh5+ Kd8 23. Qf2 Nf5 24. Qxb6+ Nxb6 25. Rc6 Nd7 26. Rxe6 Nd4 27. Ree1 Nc6 28. Bd6 Nb6 29. Bg4 Nc8 30. Bc5 N8e7 31. Re6 f5 32. Bf3 Rg8 33. Rae1 Rg7 34. R1e2 Kd7 35. g3 b4 36. Rd6+ Kc7 37.
Rde6 Kd7 38. Bxd5 Nxd5 39. Rd6+ Kc7 40. Rxd5 Rf7 41. Rc2 Kb7 42. Bf2 Ra5 43. Rd6 Rc7 44. Rf6 Nd8 45. Rxc7+ Kxc7 46. Bb6+ Kd7 47. Bxa5 Ke7 48.
Bxd8+ Kxd8 49. Rxf5 1-0

[Event "*** SCC Grand Prix: Titled Tuesday Blitz"]
[Site "Chess.com"]
[Date "2020.07.07"]
[Round "6"]
[White "francyIM"]
[Black "Raja3401"]
[Result "0-1"]
[WhiteElo "2604"]
[BlackElo "2777"]
[TimeControl "180+1"]
[EndTime "11:06:32 PDT"]
[Termination "Raja3401 won by resignation"]

1. Nf3 Nf6 2. g3 g6 3. Bg2 Bg7 4. b3 c5 5. Bb2 d5 6. O-O O-O 7. e3 Nc6 8. d3 Re8 9. Ne5 Qc7 10.
Nxc6 bxc6 11. f4 Ng4 12. Bxg7 Kxg7 13. Qd2 e5 14. h3 Nf6 15. Nc3 d4 16. Na4 Nh5 17.
g4 Ng3 18. Rf3 exf4 19. exf4 Ne2+ 20. Kf2 Re3 21. Rxe3 dxe3+ 22. Qxe3 Nxf4 23. Nxc5 Qd6 24. d4 h5 25. gxh5 Qf6 26. Ne4 Qh4+ 27. Qg3 Nxg2 28. h6+ Kxh6 29. Kf3 Bf5 30. Nf2 Qxd4 31. Rd1 Nh4+ 32.
Ke2 Re8+ 33. Kf1 Qf6 34. c3 Kg7 35. Rd4 Be4 36. Rd6 Nf5 37. Nxe4 Nxg3+ 0-1

[Event "*** SCC Grand Prix: Titled Tuesday Blitz"]
[Site "Chess.com"]
[Date "2020.07.07"]
[Round "6"]
[White "Sanyura"]
[Black "Kezin_Roman"]
[Result "1-0"]
[WhiteElo "2510"]
[BlackElo "2737"]
[TimeControl "180+1"]
[EndTime "11:06:33 PDT"]
[Termination "Sanyura won on time"]

1. e4 c5 2. Nf3 e6 3. d4 cxd4 4. Nxd4 Nc6 5. Nc3 Qc7 6. f4 a6 7. Nxc6 bxc6 8. Bd3 d5 9. O-O Nf6 10. Qf3 Be7 11. e5 Nd7 12. Bd2 O-O 13. Rae1 f5 14. exf6 Nxf6 15. Ne2 c5 16. c4 Bd6 17. b3 Bb7 18.
Qh3 Rae8 19. Ng3 d4 20. Nh5 Nxh5 21. Qxh5 g6 22. Qh6 Rf6 23. f5 Ref8 24. fxg6 hxg6 25.
Rxf6 Rxf6 26. Bg5 Bf8 27. Qh3 Rf5 28. Bxf5 exf5 29. Bf6 Qc6 30. Re7 Bh6 31. Bg5 Bg7 32. Qg3 d3 33. Bd2 Bd4+ 34. Kh1 Bf6 35. Qb8+ Bc8 36.
Rc7 Qe4 37. Qxc8+ 1-0

[Event "*** SCC Grand Prix: Titled Tuesday Blitz"]
[Site "Chess.com"]
[Date "2020.07.07"]
[Round "6"]
[White "VishnuPrasanna"]
[Black "MergenKakabaev"]
[Result "1-0"]
[WhiteElo "2751"]
[BlackElo "2441"]
[TimeControl "180+1"]
[EndTime "11:06:33 PDT"]
[Termination "VishnuPrasanna won on time"]

1. d4 d5 2. c4 c6 3. Nf3 Nf6 4. Nc3 e6 5. Bg5 dxc4 6. e4 b5 7. e5 h6 8. Bh4 g5 9. exf6 gxh4 10.
Ne5 Bb7 11. a4 a6 12. Be2 Nd7 13. Nxf7 Kxf7 14. Bh5+ Kxf6 15. Qf3+ Ke7 16. Ne4 Rh7 17. Qf4 Nb6 18. Qxh4+ Kd7 19. Qg4 Kc7 20. O-O Rg7 21. Qxe6 Nd5 22. Qe5+ Kb6 23. axb5 axb5 24. Rxa8 Qxa8 25.
Nc5 Rg5 26. Nd7+ Ka7 27. Ra1+ Ba6 28. Qe6 Nf4 29. Qf7 Nxh5 30. Nc5+ Kb6 31. Nd7+ Ka7 32.
Nc5+ Kb6 33. Rxa6+ Qxa6 34. Nxa6 Bd6 35. h4 Rg7 36.
Qe6 Rxg2+ 37. Kf1 1-0

[Event "*** SCC Grand Prix: Titled Tuesday Blitz"]
[Site "Chess.com"]
[Date "2020.07.07"]
[Round "6"]
[White "annamaja"]
[Black "GianmarcoVaR"]
[Result "0-1"]
[WhiteElo "2270"]
[BlackElo "2537"]
[TimeControl "180+1"]
[EndTime "11:06:33 PDT"]
[Termination "GianmarcoVaR won by checkmate"]

1. e4 c6 2. d4 d5 3. e5 Bf5 4. Bd3 Bxd3 5. Qxd3 e6 6. f4 Nh6 7. Nf3 Nf5 8. Nc3 a6 9. a4 c5 10. a5 Nc6 11. dxc5 Bxc5 12. Ra4 Rc8 13. Na2 O-O 14. c4 dxc4 15. Qxd8 Rfxd8 16. Rxc4 Nxa5 17. Ra4 Nb3 18. g4 Nxc1 19. Nxc1 Ne3 20. Ke2 Nd5 21.
Nd3 Bb6 22. Rd1 Rc2+ 23. Rd2 Rdc8 24. Rxc2 Rxc2+ 25. Nd2 Be3 26. Rc4 Rxd2+ 27. Kf3 h5 28. Rc8+ Kh7 29. Ne1 h4 30. Ke4 Rd4+ 31. Kf3 Rxf4+ 32.
Ke2 Rf2+ 33. Kd3 h3 34. g5 Bxg5 35. Rb8 Rxb2 36. Ke4 Re2+ 37. Kf3 Rxe1 38. Kg4 Rg1+ 39. Kh5 Nf4# 0-1

[Event "*** SCC Grand Prix: Titled Tuesday Blitz"]
[Site "Chess.com"]
[Date "2020.07.07"]
[Round "6"]
[White "jaskol95"]
[Black "Roman_Ovetchkin"]
[Result "1-0"]
[WhiteElo "2414"]
[BlackElo "2563"]
[TimeControl "180+1"]
[EndTime "11:06:35 PDT"]
[Termination "jaskol95 won on time"]

1. d4 Nf6 2. c4 g6 3. Nc3 Bg7 4. e4 d6 5. Be3 O-O 6. Be2 c5 7.
dxc5 Qa5 8. Qd2 dxc5 9. f3 Rd8 10. Qc2 Nc6 11. Kf2 Nd4 12. Qa4 Qxa4 13. Nxa4 Nc2 14. Rd1 Rxd1 15. Bxd1 Nxe3 16. Kxe3 b6 17. Ne2 Nd7 18.
Nac3 Ne5 19. b3 Bb7 20. Bc2 Nc6 21. Rd1 Nd4 22. Bb1 Bc6 23. f4 e5 24. g3 Re8 25.
Nd5 f5 26. fxe5 Nxe2 27. Kxe2 Rxe5 28. Kf3 Kf7 29. exf5 gxf5 30. Kf4 Re2 31. Kxf5 Rxh2 32. Nf4 Rf2 33. Rd6 Be8 34. Be4 Ke7 35. Re6+ Kf8 36.
Bc6 Bg6+ 37. Kg4 Bb1 38. Re8+ Kf7 39. Rb8 Be5 40. Rb7+ 1-0

[Event "*** SCC Grand Prix: Titled Tuesday Blitz"]
[Site "Chess.com"]
[Date "2020.07.07"]
[Round "6"]
[White "Muracle"]
[Black "Korona_91"]
[Result "1/2-1/2"]
[WhiteElo "2610"]
[BlackElo "2469"]
[TimeControl "180+1"]
[EndTime "11:06:36 PDT"]
[Termination "Game drawn by repetition"]

1. d4 g6 2. e4 Bg7 3. Nf3 c6 4. Nc3 d5 5. exd5 cxd5 6. Bf4 Nf6 7. h3 O-O 8. Qd2 Nc6 9. Rd1 Ne4 10. Qe3 Nxc3 11. Qxc3 f6 12. Bb5 Bd7 13. O-O a6 14. Ba4 e6 15. Rfe1 g5 16. Bg3 Qe7 17. a3 Qf7 18. Qd3 b5 19. Bb3 Na5 20. Ba2 Rac8 21.
Bd6 Rfe8 22. Bb4 Nc4 23. b3 Nb2 24. Qd2 Nxd1 25. Qxd1 Qg6 26. c3 h5 27. Bb1 f5 28.
Bd6 g4 29. hxg4 hxg4 30. Ne5 Bxe5 31. Bxe5 Re7 32. f3 gxf3 33. Qxf3 Rh7 34. Kf2 Kf7 35. g4 Qh6 36. gxf5 exf5 37. Qxd5+ Qe6 38. Qf3 Re8 39. Rg1 Qh6 40. Bxf5 Qd2+ 41. Kg3 Rg8+ 42. Bg4+ Ke7 43. Bf6+ Kd6 44. Be5+ Ke7 45. Bf6+ Kd6 46. Be5+ Ke7 1/2-1/2

[Event "*** SCC Grand Prix: Titled Tuesday Blitz"]
[Site "Chess.com"]
[Date "2020.07.07"]
[Round "6"]
[White "S2PAc"]
[Black "SGchess01"]
[Result "0-1"]
[WhiteElo "2762"]
[BlackElo "2645"]
[TimeControl "180+1"]
[EndTime "11:06:37 PDT"]
[Termination "SGchess01 won by resignation"]

1. d4 Nf6 2. g3 c5 3. d5 e6 4.
c4 exd5 5. cxd5 d6 6. Nc3 g6 7.
Bg2 Bg7 8. Nf3 O-O 9. O-O a6 10.
a4 Nbd7 11. Nd2 Re8 12. h3 Qc7 13. Nc4 Rb8 14. Bf4 Bf8 15. Na3 Ne5 16. Bd2 Bg7 17. f4 Ned7 18. e4 c4 19. Be3 Nxe4 20. Nxe4 f5 21.
Ba7 fxe4 22. Bxb8 Nxb8 23. Qc2 b5 24. axb5 axb5 25. Kh2 Qc5 26. Bxe4 Nd7 27. Rae1 Nf6 28. Bf3 Rxe1 29. Rxe1 Bf5 30. Qe2 Bd3 31. Qe6+ Kh8 32. Kg2 Qb4 33. Qc8+ Ng8 34. Re8 Qxb2+ 35. Be2 h5 36.
Rxg8+ Kh7 37. Rxg7+ Kxg7 38. Qc7+ Kh6 39. Qxd6 Qxe2+ 40. Kg1 Qf1+ 41. Kh2 Qf2+ 0-1

[Event "*** SCC Grand Prix: Titled Tuesday Blitz"]
[Site "Chess.com"]
[Date "2020.07.07"]
[Round "6"]
[White "Zmof"]
[Black "GustavoJuarezF"]
[Result "1/2-1/2"]
[WhiteElo "2208"]
[BlackElo "2005"]
[TimeControl "180+1"]
[EndTime "11:06:37 PDT"]
[Termination "Game drawn - insufficient material"]

1. e4 c5 2. Nf3 Nc6 3. Bb5 g6 4. Bxc6 dxc6 5. d3 Bg7 6. h3 e5 7. O-O Ne7 8. Nc3 h6 9. Be3 b6 10. Nh2 Bd7 11. f4 exf4 12. Bxf4 O-O 13. Qd2 Kh7 14. Rae1 Be6 15. Nf3 Qd7 16. Kh1 Rad8 17. Qe2 g5 18. Be5 Ng6 19. Bxg7 Kxg7 20. Qe3 f5 21.
exf5 Bxf5 22. Ne5 Qe6 23. Nxg6 Qxe3 24. Rxe3 Bxg6 25. Re7+ Kg8 26. Rxf8+ Rxf8 27. Kg1 Re8 28. Rxa7 Re1+ 29. Kh2 Rc1 30. Rb7 Rxc2 31. Rxb6 Bxd3 32.
Rxc6 c4 33. Rxh6 Rxb2 34. Rh5 Rc2 35. Rxg5+ Kf7 36. Nd5 Rxa2 37. h4 Ra5 38. Nc3 Rxg5 39. hxg5 Kg6 40. Kg3 Kxg5 41. Kf3 Bf1 42. g3 Kf5 43.
g4+ Kg6 44. Nb5 Bd3 45. Ke3 Kg5 46. Kd4 Kxg4 47. Nd6 Bf1 48. Nxc4 1/2-1/2

[Event "*** SCC Grand Prix: Titled Tuesday Blitz"]
[Site "Chess.com"]
[Date "2020.07.07"]
[Round "6"]
[White "SharapovEvgeny"]
[Black "Andreikka"]
[Result "0-1"]
[WhiteElo "2440"]
[BlackElo "2923"]
[TimeControl "180+1"]
[EndTime "11:06:38 PDT"]
[Termination "Andreikka won by resignation"]

1. e4 d5 2. exd5 Qxd5 3. Nc3 Qa5 4. d4 Nf6 5. Nf3 c6 6. Bc4 Bf5 7. Qe2 e6 8. Bb3 Nbd7 9. Bd2 Qc7 10. h3 Bd6 11. O-O h6 12. a4 a5 13. Rfe1 O-O 14. Ne5 Rad8 15. Rad1 Nb6 16. Kh1 Nbd5 17. Nxd5 Nxd5 18.
c3 Nf6 19. Nc4 Be4 20. Nxd6 Qxd6 21. Qe3 b5 22. Qf4 Bd5 23. Qxd6 Rxd6 24. Bc2 Rd7 25.
axb5 cxb5 26. Bf4 Rc8 27. Ra1 a4 28. Be5 Ne8 29. Kg1 Nd6 30. Bxd6 Rxd6 31. Bd3 Rb6 32.
f3 g6 33. Kf2 Kg7 34. Ke3 g5 35.
Rec1 Kf6 36. Rc2 Ke7 37. Rac1 Bb3 38. Rd2 b4 39. c4 a3 40. bxa3 bxa3 41. c5 Rb4 42.
Bb1 Rd8 43. Ba2 Bxa2 44. Rxa2 Rb3+ 45. Ke2 Rxd4 46. c6 Rb2+ 47. Ke3 Rxa2 48. c7 Rd8 0-1

[Event "*** SCC Grand Prix: Titled Tuesday Blitz"]
[Site "Chess.com"]
[Date "2020.07.07"]
[Round "6"]
[White "ShimanovAlex"]
[Black "bascheyaro"]
[Result "1-0"]
[WhiteElo "2880"]
[BlackElo "2698"]
[TimeControl "180+1"]
[EndTime "11:06:38 PDT"]
[Termination "ShimanovAlex won by resignation"]

1. d4 d5 2. Nf3 Bf5 3. Bg5 c6 4. e3 Qb6 5. b3 e6 6. Bd3 Nd7 7. Bxf5 exf5 8. Qd3 g6 9. O-O Be7 10. Bxe7 Nxe7 11. c4 O-O 12. Nc3 Qa5 13. a3 Nf6 14.
Rfd1 a6 15. Ne5 Rad8 16. b4 Qc7 17. c5 Ne4 18. a4 f6 19. Nf3 g5 20. b5 axb5 21.
axb5 Ng6 22. b6 Qg7 23. Ne2 Rde8 24. Ra7 h5 25. Ng3 Nxg3 26. hxg3 Qd7 27. Rda1 Rf7 28. Ra8 Rxa8 29. Rxa8+ Kg7 30. Rb8 Qe6 31. Nd2 h4 32. gxh4 Nxh4 33. g3 Ng6 34. f4 gxf4 35. gxf4 Re7 36.
Nf1 Nf8 37. Ng3 Kg8 38. Nxf5 Rh7 39. Qc2 Kf7 40. Nd6+ Kg8 41. Nf5 Qf7 42. Qg2+ Kh8 43. Nd6 Qe7 44. Re8 Qg7 45. Qxg7+ Kxg7 46. Nxb7 1-0

[Event "*** SCC Grand Prix: Titled Tuesday Blitz"]
[Site "Chess.com"]
[Date "2020.07.07"]
[Round "6"]
[White "SamuelGhimpu2003"]
[Black "LuckIsMySkill"]
[Result "1-0"]
[WhiteElo "2520"]
[BlackElo "2678"]
[TimeControl "180+1"]
[EndTime "11:06:38 PDT"]
[Termination "SamuelGhimpu2003 won on time"]

1. d4 Nf6 2. c4 g6 3. Nc3 d5 4.
cxd5 Nxd5 5. e4 Nxc3 6. bxc3 Bg7 7. Nf3 O-O 8. Be3 c5 9. Qd2 Bg4 10. d5 Nd7 11. Be2 Qa5 12. Rc1 Rad8 13. c4 Qxd2+ 14.
Nxd2 Bxe2 15. Kxe2 f5 16. f3 b6 17. a4 fxe4 18.
Nxe4 Nf6 19. Rhd1 Nxe4 20. fxe4 Be5 21. h3 Bf4 22. Rb1 e5 23. Bg1 h5 24. a5 Rd6 25.
Rb5 Rff6 26. Rdb1 g5 27. Bf2 g4 28. hxg4 hxg4 29. Bh4 Rh6 30. g3 Kf7 31. axb6 axb6 32. gxf4 Rxh4 33. fxe5 Rh2+ 34. Ke3 Rdh6 35. Rxb6 g3 36.
Rxh6 Rxh6 37. Rg1 Rh3 38. Kf4 Rh4+ 39. Kf3 1-0

[Event "*** SCC Grand Prix: Titled Tuesday Blitz"]
[Site "Chess.com"]
[Date "2020.07.07"]
[Round "6"]
[White "Leonid_Starozhilov"]
[Black "Rodchenkov_Vitalij"]
[Result "1-0"]
[WhiteElo "2632"]
[BlackElo "2366"]
[TimeControl "180+1"]
[EndTime "11:06:38 PDT"]
[Termination "Leonid_Starozhilov won on time"]

1. e4 c5 2. Nf3 Nc6 3. Bb5 g6 4. O-O Bg7 5. Nc3 e5 6. a3 Nge7 7. b4 cxb4 8. axb4 O-O 9. Ba3 a6 10. Bc4 b5 11. Bb3 Bb7 12. Nd5 Nd4 13. Nxd4 Nxd5 14. exd5 exd4 15. Qf3 Qf6 16. Qxf6 Bxf6 17. Rae1 Rfe8 18. Bb2 d6 19. d3 h5 20. Bc1 Kg7 21.
f4 Rxe1 22. Rxe1 Bc8 23. Bd2 Bf5 24. Kf2 Rc8 25. Ra1 Ra8 26. Rc1 Rc8 27. h3 h4 28.
Kf3 Rc7 29. Ra1 Ra7 30. Be1 Ra8 31. Bf2 Ra7 32. Ke2 Ra8 33. Kd2 Ra7 34. Kc1 Ra8 35. Kb2 Bc8 36. Re1 Bb7 37. Re4 Bc8 38. Bxd4 Bxd4+ 39. Rxd4 Bf5 40. c4 Rb8 41. c5 1-0

[Event "*** SCC Grand Prix: Titled Tuesday Blitz"]
[Site "Chess.com"]
[Date "2020.07.07"]
[Round "6"]
[White "Diego_FloresQ"]
[Black "econpower"]
[Result "0-1"]
[WhiteElo "2490"]
[BlackElo "2662"]
[TimeControl "180+1"]
[EndTime "11:06:39 PDT"]
[Termination "econpower won on time"]

1. e4 d6 2. d4 Nf6 3. Nc3 e5 4. dxe5 dxe5 5. Qxd8+ Kxd8 6. Nf3 Bd6 7. Bc4 Be6 8. Bxe6 fxe6 9. Nd2 Ke7 10. f3 a6 11.
a4 Nc6 12. Ne2 Nb4 13. Kd1 b5 14. c3 Nd3 15. Kc2 Nf4 16. Nxf4 exf4 17. Nb3 e5 18. Bd2 g5 19. h3 h5 20. axb5 axb5 21. Rxa8 Rxa8 22.
Be1 c5 23. c4 b4 24. Bf2 Nd7 25. Rg1 Kf6 26. g3 fxg3 27. Rxg3 Rg8 28. Be3 Be7 29. Nc1 Nf8 30. h4 g4 31. Bg5+ Kf7 32. Bxe7 Kxe7 33.
Nd3 Kd6 34. fxg4 Rxg4 35. Rxg4 hxg4 36. Kd2 Ne6 37. Ke3 Ng7 38. Nf2 g3 39. Nh3 Nh5 40. Kf3 Ke6 41. Ng1 Nf4 42. Kxg3 Nd3 0-1

[Event "*** SCC Grand Prix: Titled Tuesday Blitz"]
[Site "Chess.com"]
[Date "2020.07.07"]
[Round "6"]
[White "Na_binci"]
[Black "Varshi_chess"]
[Result "0-1"]
[WhiteElo "2078"]
[BlackElo "2258"]
[TimeControl "180+1"]
[EndTime "11:06:41 PDT"]
[Termination "Varshi_chess won on time"]

1. d4 d5 2. c4 e6 3. Nc3 Nf6 4.
cxd5 exd5 5. Bg5 Be7 6. Qc2 O-O 7. e3 c6 8. Bd3 Nbd7 9. Nge2 h6 10. Bh4 Re8 11.
O-O Ne4 12. Bxe7 Qxe7 13. Bxe4 dxe4 14. Ng3 Nf6 15. Rab1 a5 16. a3 h5 17. h3 h4 18. Nge2 Nd5 19. Nxd5 cxd5 20. Nf4 Be6 21. Rbc1 Rec8 22. Qb3 Qd7 23. Nxe6 fxe6 24. Rxc8+ Rxc8 25. Qb6 a4 26. Qb4 Rc4 27. Qa5 Qc8 28. Qb6 Kh7 29. f3 Rc2 30. fxe4 dxe4 31. Qb5 Qc6 32. Qh5+ Kg8 33.
Qxh4 Qd5 34. Qe7 Kh7 35. Qe8 Qg5 0-1

[Event "*** SCC Grand Prix: Titled Tuesday Blitz"]
[Site "Chess.com"]
[Date "2020.07.07"]
[Round "6"]
[White "GoingKronos"]
[Black "chessplayer9919"]
[Result "0-1"]
[WhiteElo "2486"]
[BlackElo "2665"]
[TimeControl "180+1"]
[EndTime "11:06:42 PDT"]
[Termination "chessplayer9919 won on time"]

1. d4 Nf6 2. Nf3 e6 3. c4 b6 4. g3 Ba6 5. Qc2 Bb7 6. Bg2 c5 7. d5 exd5 8. cxd5 Nxd5 9. O-O Be7 10. Rd1 Nc6 11. a3 Nf6 12. Nc3 O-O 13. e4 Rc8 14. e5 Ne8 15. h4 h6 16. Bf4 Nd4 17.
Nxd4 Bxg2 18. Kxg2 cxd4 19. Rxd4 Nc7 20. Rad1 Ne6 21. Rxd7 Nxf4+ 22. gxf4 Qe8 23. h5 f6 24. Qg6 fxe5 25. fxe5 Qxg6+ 26. hxg6 Bc5 27. Ne4 Rc6 28. b4 Rxg6+ 29. Kf1 Rg4 30. Re1 Rff4 31.
bxc5 Rxe4 32. c6 Rxe1+ 33. Kxe1 Rc4 34. c7 Kh7 35. e6 Kg6 0-1